 Dungeon Crawl Stone Soup version 0.29-a0-298-g3c90f9a769 (webtiles) character file.

Game seed: 4449490788535206613

78 Dabor the Stinger (level 4, -1/36 HPs)
             Began as a Deep Elf Venom Mage on Mar 23, 2022.
             Was a Follower of Vehumet.
             Slain by Grinder (5 damage)
             ... on level 3 of the Dungeon.
             The game lasted 00:05:16 (3203 turns).

Dabor the Stinger (Deep Elf Venom Mage)             Turns: 3203, Time: 00:05:17

Health: -1/36      AC:  3    Str:  5    XL:     4   Next: 15%
Magic:  3/11       EV: 13    Int: 22    God:    Vehumet [*.....]
Gold:   90         SH:  0    Dex: 15    Spells: 6/10 levels left

rFire   . . .      SeeInvis .   (no weapon)
rCold   . . .      Faith    .   (no shield)
rNeg    . . .      Spirit   .   a - +0 robe
rPois   +          Reflect  .   (no helmet)
rElec   .          Harm     .   q - +0 cloak
rCorr   .          Rampage  .   (no gloves)
Will    .....                   (no boots)
Stlth   ..........              (no amulet)
HPRegen 0.12/turn               c - ring of poison resistance
MPRegen 0.12/turn               (no ring)

@: berserking, very slightly contaminated, very quick
A: no striking features
a: Renounce Religion


You were on level 3 of the Dungeon.
You worshipped Vehumet.
Vehumet was aware of your devotion.
You visited 1 branch of the dungeon, and saw 4 of its levels.

You collected 90 gold pieces.

Inventory:

Armour
 a - a +0 robe (worn)
 q - a +0 cloak (worn)
Jewellery
 c - a ring of poison resistance (left hand)
Scrolls
 d - 3 scrolls of magic mapping {unknown}
 g - a scroll of fog {unknown}
 h - a scroll of noise {unknown}
 i - a scroll of amnesia {unknown}
 j - a scroll of acquirement {unknown}
 k - a scroll of identify {unknown}
 m - 3 scrolls of vulnerability {unknown}
 n - 2 scrolls of blinking {unknown}
 o - a scroll of enchant weapon {unknown}
Potions
 b - 2 potions of magic
 e - a potion of berserk rage
 f - a potion of might {unknown}
 l - a potion of brilliance {unknown}
 p - a potion of invisibility {unknown}
 r - 2 potions of curing {unknown}


   Skills:
 + Level 3.0 Dodging
 - Level 2.7 Stealth
 + Level 3.5 Spellcasting
 + Level 0.9 Conjurations
 + Level 2.0 Transmutations
 + Level 0.8 Fire Magic
 * Level 4.1 Poison Magic


You had 6 spell levels left.
You knew the following spells:

 Your Spells              Type           Power      Damage    Failure   Level
a - Sting                 Tmut/Pois      68%        1d6       3%          1
b - Poisonous Vapours     Pois/Air       26%        N/A       8%          2
c - Foxfire               Conj/Fire      28%        2x1d5     9%          1

Your spell library contained the following spells:

 Spells                   Type           Power      Damage    Failure   Level
 Animate Skeleton         Necr           6%         N/A       12%         1
 Apportation              Tloc           6%         N/A       12%         1
 Summon Small Mammal      Summ           12%        N/A       12%         1
 Mephitic Cloud           Conj/Pois/Air  11%        N/A       17%         3
 Olgreb's Toxic Radiance  Pois           22%        N/A       22%         4


Dungeon Overview and Level Annotations

Branches:
Dungeon (4/15)
 Temple: D:4-7

Altars:
Ashenzari
Vehumet

Annotations:
D:3 Grinder


Message History

Casting: Sting (safe; 3% risk of failure)
Confirm with . or Enter, or press ? or * to list all spells.
Aiming: Sting (safe; 3% risk of failure)
Press: ? - help, Shift-Dir - straight line, f/p - Grinder
Aim: Grinder (lightly wounded, poisoned, 71% to hit)
You miscast Sting.
You are very lightly contaminated with residual magic.
Nothing appears to happen.
Casting: Sting (safe; 3% risk of failure)
Confirm with . or Enter, or press ? or * to list all spells.
Aiming: Sting (safe; 3% risk of failure)
Press: ? - help, Shift-Dir - straight line, f/p - Grinder
Aim: Grinder (lightly wounded, poisoned, 71% to hit)
The sting hits Grinder but does no damage.
Grinder looks even sicker.
Grinder is lightly wounded.
Grinder hits you.
You writhe in agony.
Casting: Sting (safe; 3% risk of failure)
Confirm with . or Enter, or press ? or * to list all spells.
Aiming: Sting (safe; 3% risk of failure)
Press: ? - help, Shift-Dir - straight line, f/p - Grinder
Aim: Grinder (lightly wounded, very poisoned, 71% to hit)
The sting hits Grinder.
Grinder partially resists.
Grinder looks even sicker.
Grinder is lightly wounded.
Grinder hits you.
Casting: Sting (safe; 3% risk of failure)
Confirm with . or Enter, or press ? or * to list all spells.
Aiming: Sting (safe; 3% risk of failure)
Press: ? - help, Shift-Dir - straight line, f/p - Grinder
Aim: Grinder (lightly wounded, very poisoned, 71% to hit)
The sting misses Grinder.
Grinder says, "Don't move a muscle."
Grinder hits you.
* * * LOW HITPOINT WARNING * * *
It was a potion of berserk rage.
A red film seems to cover your vision as you go berserk!
You feel yourself moving faster!
You feel mighty! Grinder hits you.
* * * LOW HITPOINT WARNING * * *
You writhe in agony.
You die...

####### #.....# ####
####.#.# ..... #####..).#.#
?.....##########.....####.##
.⌠.....?..5@..)..........>..
≈≈≈..###########.###.######.
≈≈≈ #............ ≈
#####.######. #.# #. #.# #.
#.# #. #.# #. #.# #.


You could see Grinder (very poisoned).

Vanquished Creatures
  3 gnolls (D:3)
  An adder (D:2)
  A worm (D:3)
  5 ball pythons
  6 bats (D:1)
  4 endoplasms (D:1)
  A giant cockroach (D:1)
  3 goblins
  3 hobgoblins
  2 jackals (D:4)
  A frilled lizard (D:1)
  2 kobolds (D:1)
  4 rats
36 creatures vanquished.

Vanquished Creatures (others)
  106 foxfires
106 creatures vanquished.

Grand Total: 142 creatures vanquished

Notes
Turn   | Place    | Note
-------+----------+-------------------------------------------
     0 | D:1      | Dabor the Deep Elf Venom Mage began the quest for the Orb.
     0 | D:1      | Reached XP level 1. HP: 10/10 MP: 6/6
   316 | D:1      | Reached XP level 2. HP: 14/15 MP: 1/8
   522 | D:1      | Found a faded altar of an unknown god.
   527 | D:1      | Learned a level 2 spell: Poisonous Vapours
   548 | D:1      | Found a faded altar of an unknown god.
   556 | D:1      | Prayed at the altar of an unknown god.
   556 | D:1      | Became a worshipper of Ashenzari the Shackled
   571 | D:1      | Prayed at the altar of an unknown god.
   571 | D:1      | Fell from the grace of Ashenzari
   571 | D:1      | Became a worshipper of Vehumet
   571 | D:1      | Reached * piety under Vehumet
   571 | D:1      | Offered knowledge of Foxfire by Vehumet.
   574 | D:1      | Learned a level 1 spell: Foxfire
  1523 | D:2      | Reached XP level 3. HP: 19/19 MP: 3/9
  2919 | D:3      | Reached skill level 4 in Poison Magic
  2938 | D:3      | Was forgiven by Ashenzari
  2938 | D:3      | Reached XP level 4. HP: 11/24 MP: 0/11
  3189 | D:3      | Noticed Grinder
  3203 | D:3      | Slain by Grinder

Illustrated notes

Levels and vault maps discovered:
D:1:      minmay_arrival_arboretum_small, layout_basic,
          hellmonk_ecumenical_altar_the_god_not_taken, minivault_14
D:2:      layout_rooms, guppyfry_early_lair_pool
D:3:      layout_basic, okawaru_ov_weapons_minmay, hangedman_decor_peaks_small,
          serial_park_tiny_pond, uniq_crazy_yiuf_cottage, uniq_grinder
D:4:      layout_rooms, fedhas_altar_3, gammafunk_temple_overflow_elements

Skill      XL: |  1  2  3 |
---------------+----------+-----
Poison Magic   | 4 |  4.1
Dodging        | 3 |  3.0
Transmutations | 2 |  2.0
Stealth        | |  2.7
Spellcasting   | |  3.5
Conjurations   | |  0.9
Fire Magic     | |  0.8

Action                   |  1- 3 |  4- 6 || total
-------------------------+-------+-------++-------
Melee: Unarmed           |    18 |       ||    18
 Cast: Sting             |    50 |     9 ||    59
       Foxfire           |    61 |     6 ||    67
       Poisonous Vapours |     2 |       ||     2
  Use: Potion            |       |     1 ||     1
Armor: Robe              |     7 |       ||     7
Dodge: Dodged            |    35 |     3 ||    38

Table legend: (Time is in decaauts)
 A = Elapsed time spent in this place.
 B = Non-inter-level travel time spent in this place.
 C = Inter-level travel time spent in this place.
 D = Time resting spent in this place.
 E = Time spent auto-exploring this place.
 F = Levels seen in this place.
 G = Mean time per level.
                   A        B        C        D        E       F      G
               +--------+--------+--------+--------+--------+-----+--------+
         Total |   3206 |   3143 |     63 |    459 |   2272 |   4 |  801.5 |
       Dungeon |   3206 |   3143 |     63 |    459 |   2272 |   4 |  801.5 |
               +--------+--------+--------+--------+--------+-----+--------+

Top non-repeatable levels by time:
     D:1: 1517 daAuts
     D:2: 843 daAuts
     D:3: 521 daAuts
     D:4: 324 daAuts
